AoeStats
← I3OPOH

Arabia

510714432Analyzed
1v1 RM · 7h ago on Oct 2, 2026· 26m 52s· 2 players
Game mode
Random Map
Map size
Tiny (2 player)
Population
200
Speed
Normal
Resources
Standard
Victory
Conquest
Starting age
Dark Age
Ending age
Imperial Age
RankedLock teamsTeams togetherTeam positionsShared explorationLock speedFull tech treeHidden civsTurbo modeCheats
Victory
Defeat
🇪🇸 Mongols · Spain
778
+14
🇲🇩 Ethiopians · Moldova
732
-34
Quimiotaxis
6:59 Loom
9:25 Feudal Age
9:49 Horse Collar
9:55 Double-Bit Axe
14:13 Forging
18:18 Scale Barding Armor
20:40 Castle Age
18:41 Gold Mining
19:47 Bloodlines
21:24 Padded Archer Armor
24:37 Iron Casting
I3OPOH
8:16 Loom
10:54 Feudal Age
13:01 Double-Bit Axe
20:26 Padded Archer Armor
20:24 Fletching
20:43 Padded Archer Armor
25:13 Castle Age
26:18 Leather Archer Armor
26:01 Bodkin Arrow
Connection lost

Rejoining the realm…

Still unreachable

The connection could not be restored.

Session expired

The server has moved on; the page needs a fresh start.